 Dungeon Crawl Stone Soup version 0.28-b1-25-g9875b3fc8c (webtiles) character file.

Game seed: 16991292878051811490

23 sanka the Magician (level 2, -1/16 HPs)
             Began as a Deep Elf Transmuter on Feb 8, 2022.
             Slain by a kobold (2 damage)
             ... on level 1 of the Dungeon.
             The game lasted 00:02:29 (1890 turns).

sanka the Magician (Deep Elf Transmuter)            Turns: 1890, Time: 00:02:31

Health: -1/16      AC:  4    Str:  7    XL:     2   Next: 72%
Magic:  8/8        EV: 12    Int: 17    God:
Gold:   14         SH:  0    Dex: 15    Spells: 7/8 levels left

rFire   . . .      SeeInvis .     - Unarmed
rCold   . . .      Faith    .   (no shield)
rNeg    . . .      Spirit   .   a - +0 robe
rPois   .          Reflect  .   (helmet unavailable)
rElec   .          Harm     .   (no cloak)
rCorr   .          Rampage  .   (no gloves)
Will    .....                   (boots currently unavailable)
Stlth   +.........              (no amulet)
HPRegen 0.05/turn               (no ring)
MPRegen 0.11/turn               (no ring)

@: lethally poisoned (-1 -> -4), appendages
A: horns 3, talons 2, iridescent scales 1
a: End Transformation


You were on level 1 of the Dungeon.
You had temporarily grown beastly horns and talons.
You visited 1 branch of the dungeon, and saw 2 of its levels.

You collected 14 gold pieces.

Inventory:

Missiles
 i - 5 poisoned darts
Armour
 a - a +0 robe (worn)
Scrolls
 b - a scroll of summoning {unknown}
 c - a scroll of holy word {unknown}
 d - a scroll of magic mapping {unknown}
 g - a scroll of vulnerability {unknown}
 h - 2 scrolls of identify {unknown}
Potions
 f - a potion of curing {unknown}


   Skills:
 - Level 0.7 Fighting
 - Level 2.4 Dodging
 - Level 2.4 Unarmed Combat
 + Level 3.9 Spellcasting
 + Level 1.1 Conjurations
 - Level 2.1 Transmutations
 + Level 1.1 Earth Magic


You had 7 spell levels left.
You knew the following spells:

 Your Spells              Type           Power      Damage    Failure   Level
a - Beastly Appendage     Tmut           20%        N/A       6%          1

Your spell library contained the following spells:

 Spells                   Type           Power      Damage    Failure   Level
 Wereblood                Tmut           10%        N/A       10%         2
 Spider Form              Tmut/Pois      7%         N/A       30%         3
 Ice Form                 Ice/Tmut       7%         N/A       69%         4


Dungeon Overview and Level Annotations

Branches:
Dungeon (2/15)

Altars:

Shops:
D:1 :


Innate Abilities, Weirdness & Mutations

You have temporarily grown beastly horns and talons.
You are partially covered in iridescent scales. (AC +2)


Message History

A hobgoblin comes into view.
A kobold opens the large door.
You grow a pair of large bovine horns.
Your feet morph into talons.
A hobgoblin comes into view.
The hobgoblin shouts!
You hit the hobgoblin but do no damage. Your kick misses the hobgoblin.
The hobgoblin barely misses you.
You hit the hobgoblin but do no damage. Your kick misses the hobgoblin.
The hobgoblin hits you.
An adder comes into view.
The kobold misses you.
You completely miss the hobgoblin. You headbutt the hobgoblin.
The hobgoblin is heavily wounded.
The kobold completely misses you.
You hit the hobgoblin. Your punch misses the hobgoblin.
The hobgoblin is almost dead.
The hobgoblin barely misses you. The kobold closely misses you.
The hobgoblin barely misses you. The hobgoblin barely misses you.
The kobold closely misses you.
The kobold hits you with a +0 short sword.
The hobgoblin completely misses you.
There is a stone staircase leading up here.
Magic restored.
The adder bites you.
The kobold hits you with a +0 short sword.
The adder bites you.
You are lethally poisoned!
The adder poisons you! The hobgoblin closely misses you.
You climb upwards.
* * * LOW HITPOINT WARNING * * *
You feel very sick.
There is a stone staircase leading down here.
* * * LOW HITPOINT WARNING * * *
You feel sick. The kobold barely misses you. The hobgoblin closely misses you.
It was a potion of mutation.
You feel extremely strange. The horns on your head grow some more.
Iridescent scales grow over part of your body.
* * * LOW HITPOINT WARNING * * *
You feel sick. The adder barely misses you.
The kobold hits you with a +0 short sword.
You die...

###'###.......##.#.# #.#
............#.##.#.# #.#
............#..#.#.# #.#
............##.#.#.########.#
............##.#............#
###.##.....###.#...##########
#.##.....# #.....#
#.##.....####....#
#..+.........g@.)#
####.....#####SK.#
#####.#####(..# #######
#.....#...# ......#
#####.#...# ......# #.#...#
......# #.#...############
#######
######.#..............#
#......#..##########.##


You could see an adder, a hobgoblin and a kobold.

Vanquished Creatures
  A dart slug (D:1)
  2 ball pythons (D:1)
  3 endoplasms (D:1)
  A giant cockroach (D:1)
  A goblin (D:1)
  4 hobgoblins (D:1)
  A quokka (D:1)
  3 kobolds (D:1)
  A rat (D:2)
17 creatures vanquished.

Notes
Turn   | Place    | Note
-------+----------+-------------------------------------------
     0 | D:1      | sanka the Deep Elf Transmuter began the quest for the Orb.
     0 | D:1      | Reached XP level 1. HP: 11/11 MP: 6/6
   240 | D:1      | Found Onlurrutekh's Book Emporium.
   313 | D:1      | Found a faded altar of an unknown god.
   373 | D:1      | Reached XP level 2. HP: 11/16 MP: 6/8
  1112 | D:1      | Reached skill level 1 in Conjurations
  1574 | D:1      | Reached skill level 1 in Earth Magic
  1890 | D:1      | Gained mutation: You have a pair of large horns on your
                  | head. [potion of mutation]
  1890 | D:1      | Gained mutation: You are partially covered in iridescent
                  | scales. (AC +2) [potion of mutation]
  1890 | D:1      | Slain by a kobold

Illustrated notes

Levels and vault maps discovered:
D:1:      giann_horns, layout_basic, serial_shops, nicolae_shop_stone,
          chequers_ecumenical_altar_grove
D:2:      layout_basic, serial_undead, serial_undead_f, serial_undead_f,
          serial_undead_f, serial_undead_c

Skill      XL: |  1  2 |
---------------+-------+-----
Conjurations   | 1 |  1.1
Earth Magic    | 1 |  1.1
Fighting       | |  0.7
Dodging        | |  2.4
Unarmed Combat | |  2.4
Spellcasting   | |  3.9
Transmutations | |  2.1

Action                   || total
-------------------------++-------
Melee: Unarmed           ||    38
       Kick              ||    16
       Headbutt          ||     5
       Punch             ||     1
 Cast: Beastly Appendage ||    15
  Use: Potion            ||     1
Armor: Robe              ||     2
Dodge: Dodged            ||    33
